Unix NetHack Version 5.0.0-0 post-release - last build Jun 10 2026 00:39:30 (3ee93aec679c4c4259841fe613dc97188e26a321,branch:main).

Game began 2026-06-12 15:24:57, ended 2026-06-12 16:22:37.

Jobair, lawful female human Archeologist

                                                                       -------
                                          --------------+-            #......|
                          --------        |.......{......|           ##|..>..|
                          |......|        ...............|          ## |..{..|
                          |......|        |..............|          %  |.....|
                         #.......|        --------.--|----          #  ----.--
                         #|......|                ######           #%      #
                         #.......|                  ################       #
                         #-|.-----           ######### -----.-----##       #
                         B #               ######      |.........|#       ##
                         @ ###             #  #        |.........+#      ##
                         e   ##          ### ##########-.........|#      #
                              ###        ######        |...}}}...|#     ##
                               -|---   ###  #          |...}}}...|#   --|----
                               |...|####-+--.-|---     |...}}}...|#  #......|
                               |....#   |.......k|     |.........|####|.....|
                               |...|##  +<.......|     |.........|##  |....[|
                               -----    |........|     -.........-#   ......|
                                        ----------     -----------    -------

Jobair the Field Worker    St:13 Dx:9 Co:10 In:16 Wi:18 Ch:9  Lawful
Dlvl:3  $:255 HP:0(19) Pw:8(8) AC:2  Xp:3 T:1314  Weak     Burdened

Latest messages:
 You can move again.
 What do you want to ready?
 n - 14 darts (at the ready).
 In what direction? 2
 The dart misses the floating eye.
 In what direction? 2
 The dart misses the floating eye.
 In what direction? 2
 The dart misses the floating eye.
 In what direction? 2
 The dart hits the floating eye.
 In what direction? 2
 The dart hits the floating eye.
 In what direction? 2
 The dart misses the floating eye.
 You are beginning to feel weak.
 In what direction? 2
 The dart misses the floating eye.
 In what direction? 2
 The dart hits the floating eye.
 In what direction? 2
 The dart misses the floating eye.
 In what direction? 2
 The dart hits the floating eye.
 In what direction? 2
 The dart misses the floating eye.
 In what direction? 2
 The dart misses the floating eye.
 In what direction? 2
 The dart misses the floating eye.
 In what direction? 2
 The dart hits the floating eye.
 In what direction? 2
 You flick your bullwhip towards the floating eye.
 You miss the floating eye.
 You are frozen by the floating eye's gaze!
 You hear some noises.
 The giant bat bites!
 The giant bat misses!
 The giant bat bites!
 The giant bat bites!
 The giant bat bites!
 The giant bat bites!
 The giant bat bites!
 You die...
 Do you want your possessions identified? [ynq] (y) y
 Do you want to see your attributes? [ynq] (y) y
 Do you want an account of creatures vanquished? [ynaq] (y) y
 Do you want to see your conduct and achievements? [ynq] (y) y
 Do you want to see the dungeon overview? [ynq] (y) y

Inventory:
 Coins    ('$')
  $ - 255 gold pieces
 Weapons  (')')
  v - a +0 bow
  j - 13 cursed -1 darts
  a - a +2 bullwhip (weapon in right hand)
  A - a +0 club
 Armor    ('[')
  o - an uncursed +0 orcish helm
  w - an uncursed +0 orcish helm (being worn)
  q - an uncursed +4 studded leather armor (being worn)
 Comestibles  ('%')
  d - 4 uncursed food rations
  c - an uncursed tripe ration
  k - a cursed tripe ration
 Scrolls  ('?')
  l - an uncursed scroll of identify
  z - a cursed scroll of identify
 Spellbooks  ('+')
  y - an uncursed spellbook of create monster
 Potions  ('!')
  x - an uncursed potion of blindness
  m - an uncursed potion of confusion
  r - an uncursed potion of sleeping
 Wands    ('/')
  h - a wand of slow monster (0:6)
 Tools    ('(')
  b - an empty uncursed sack
  s - an expensive camera (0:48)
  i - an uncursed oil lamp
  e - a +0 pick-axe
  f - a tinning kit (0:77)
 Gems/Stones  ('*')
  g - an uncursed touchstone

Jobair the Archeologist's attributes:

Background:
 You were a Field Worker, a level 3 female human Archeologist.
 You were lawful, nominally on a mission for Quetzalcoatl
 who was opposed by Camaxtli (neutral) and Huhetotl (chaotic).
 You were right-handed.
 You were in the Dungeons of Doom, on level 3.
 You entered the dungeon 1314 turns ago.
 You had 43 experience points, 37 more were needed to attain level 4.

Basics:
 You had 0 out of 19 hit points.
 You had all 8 energy points (spell power).
 Your armor class was 2.
 Your wallet contained 255 zorkmids.
 Autopickup was off.

Final Characteristics:
 Your strength was 13 (base:14, limit:18/100).
 Your dexterity was 9 (limit:18).
 Your constitution was 10 (limit:18).
 Your intelligence was 16 (limit:18).
 Your wisdom was 18 (limit:18).
 Your charisma was 9 (limit:18).

Final Status:
 You were weak from severe hunger.
 You were burdened; movement was slightly slowed.
 You were wielding a whip.
 You had basic skill with whip.

Final Attributes:
 You were devoutly aligned.
 You had automatic searching.
 You were warded.
 You are dead.

Miscellaneous:
 You didn't encounter any bones levels.
 Total elapsed playing time was 15 minutes and 2 seconds.

Major events:
 Turn
    1: Jobair the lawful female human Archeologist entered the dungeon
  949: attained the rank of Field Worker (level 3)
 1314: killed by a giant bat, while frozen by a floating eye's gaze

You didn't know any spells.

Skills:
 Fighting Skills
   bare handed combat [Unskilled]
   two weapon combat  [Unskilled]
   riding             [Unskilled]
 Weapon Skills
   dagger             [Unskilled]
   knife              [Unskilled]
   pick-axe           [Basic]
   short sword        [Unskilled]
   saber              [Unskilled]
   club               [Unskilled]
   quarterstaff       [Unskilled]
   sling              [Unskilled]
   dart               [Unskilled]
   boomerang          [Unskilled]
   whip               [Basic]
   unicorn horn       [Unskilled]
 Spellcasting Skills
   attack spells      [Unskilled]
   healing spells     [Unskilled]
   divination spells  [Unskilled]
   matter spells      [Unskilled]

Voluntary challenges:
 Character rerolling was not enabled.
 You were an atheist.
 You never genocided any monsters.
 You never polymorphed an object.
 You never changed form.
 You used no wishes.
Achievements:
 You entered a shop.
 You attained the rank of Field Worker.

 The Dungeons of Doom: levels 1 to 3
    Level 1:
       An altar, a fountain.
    Level 2:
       A general store, a fountain.
    Level 3: <- You were here.
       Some fountains.
       Final resting place for
          you, killed by a giant bat, while frozen by a floating eye's gaze.


Vanquished creatures:
 an acid blob
  2 giant rats
  a yellow mold
  a jackal
  2 foxes
  a kobold
  2 goblins
  a sewer rat
  2 grid bugs
  2 lichens
  4 newts
19 creatures vanquished.

No species were genocided or became extinct.

Game over:
                       ----------
                      /          \
                     /    REST    \
                    /      IN      \
                   /     PEACE      \
                  /                  \
                  |      Jobair      |
                  |      255 Au      |
                  |   killed by a    |
                  |    giant bat     |
                  |                  |
                  |                  |
                  |       2026       |
                 *|     *  *  *      | *
        _________)/\\_//(\/(/\)/\//\/|_)_______

Goodbye Jobair the Archeologist...

You died in The Dungeons of Doom on dungeon level 3 with 502 points,
and 255 pieces of gold, after 1314 moves.
You were level 3 with a maximum of 19 hit points when you died.

